Map: 세룰리안 폴 - 래더

Players

Creator

  • Race: Protoss Protoss
  • League: Master
  • Spawn Location: 7:00

lIIllllIIlll (INnoVation) - Winner!

  • Race: Terran Terran
  • League: Master
  • Spawn Location: 1:00

Event: HomeStory Cup XVIII

VOD

Have the link to the VOD?

Description

Time

  • Played on: Nov. 22, 2018, 2:52 p.m.
  • Length: 6:15

All games in this series

Show
View Real Time Build Order
Export as new Build Order

Creator Protoss 

Build Orders: 1 Gate Expand, Colossus Rush 

Get SALT Encoding   

  12  0:00  Probe  
  13  0:13  Probe  
  14  0:17  Pylon  
  14  0:24  Probe  
  15  0:32  Probe  
  15  0:37  Gateway  
  15  0:40  Probe  
  16  0:46  Assimilator  
  17  0:51  Probe  
  18  1:03  Probe  
  19  1:15  Probe  
  20  1:21  Nexus  
  20  1:32  Cybernetics Core  
  20  1:38  Zealot  
  22  1:45  Pylon  
  22  1:48  Probe  
  22  1:53  Assimilator  
  23  2:01  Probe  
  23  2:08  Stalker  
  26  2:09  Probe  
  26  2:13  Warp Gate  
  26  2:17  Probe  
  27  2:29  Probe  
  28  2:33  Robotics Facility  
  28  2:35  Probe  
  29  2:41  Probe  
  30  2:48  Stalker, Probe  
  31  2:54  Probe  
  34  3:00  Probe  
  35  3:06  Probe  
  35  3:12  Probe  
  37  3:14  Stalker  
  37  3:15  Observer  
  37  3:18  Probe  
  40  3:21  Probe  
  42  3:28  Pylon  
  42  3:29  Probe  
  42  3:30  Probe  
  44  3:35  Pylon, Immortal  
  44  3:38  Probe  
  45  3:42  Probe  
  50  3:56  Probe  
  50  3:58  Probe  
  50  4:00  Pylon  
  52  4:03  Gateway  
  52  4:05  Gateway  
  52  4:07  Observer  
  52  4:10  Probe x2  
  54  4:18  Sentry  
  54  4:23  Probe x2, Assimilator  
  58  4:25  Assimilator  
  58  4:31  Robotics Bay, Colossus  
  58  4:32  Forge  
  56  4:44  Nexus  
  56  4:46  Pylon  
  56  4:47  Observer, Probe  
  56  4:48  Probe  
  58  4:56  Stalker  
  61  5:00  Immortal  
  61  5:01  Stalker  
  63  5:09  Shield Battery  
  63  5:11  Shield Battery  
  66  5:22  Adept  
  66  5:23  Adept  
  66  5:25  Zealot  
  70  5:38  Shield Battery  
  76  5:44  Pylon, Stalker  
  76  5:46  Pylon  
  78  5:56  Stalker x2  
  70  5:59  Probe  
  69  6:07  Zealot  
Show
View Real Time Build Order
Export as new Build Order

lIIllllIIlll Terran - Winner!

Build Orders: Cyclone Opening 

Get SALT Encoding   

  12  0:00  SCV  
  13  0:12  SCV  
  14  0:17  Supply Depot  
  14  0:24  SCV  
  15  0:39  SCV  
  15  0:40  Barracks  
  16  0:44  Refinery  
  16  0:51  SCV  
  16  0:55  Refinery  
  17  1:03  SCV  
  18  1:15  SCV  
  19  1:27  Reaper, Orbital Command  
  20  1:39  Supply Depot  
  20  1:42  Factory  
  20  1:53  SCV  
  21  2:05  SCV  
  22  2:17  SCV  
  22  2:18  Barracks Reactor  
  23  2:26  Factory Tech Lab  
  23  2:29  SCV  
  24  2:33  Command Center  
  24  2:41  SCV  
  25  2:45  Cyclone  
  25  2:50  Supply Depot  
  28  2:53  SCV  
  29  3:02  Starport  
  29  3:07  SCV  
  30  3:13  Marine x2  
  30  3:19  SCV  
  33  3:33  Factory Tech Lab, Marine, SCV  
  33  3:34  Marine  
  36  3:45  Cloaking Field, Banshee  
  36  3:46  Orbital Command  
  39  3:49  SCV  
  39  3:55  Siege Tank  
  43  3:59  Marine x2  
  45  4:07  Supply Depot  
  45  4:13  SCV x2  
  45  4:16  Marine  
  45  4:17  Supply Depot, Marine  
  49  4:26  SCV  
  49  4:27  Siege Tank  
  49  4:28  SCV  
  54  4:34  Banshee  
  54  4:37  Marine  
  54  4:38  Marine  
  58  4:41  SCV  
  58  4:42  SCV  
  61  4:49  Supply Depot  
  61  4:54  SCV x2  
  61  4:55  Marine  
  61  4:56  Marine  
  61  4:59  Siege Tank  
  68  5:03  Supply Depot  
  68  5:07  SCV x2  
  70  5:14  Marine x2  
  70  5:17  Banshee  
  75  5:25  SCV  
  75  5:26  SCV  
  77  5:31  Supply Depot, Siege Tank  
  77  5:32  Marine x2  
  82  5:40  SCV  
  82  5:41  SCV  
  84  5:50  Marine x2  
  84  5:59  SCV x2  
  89  6:04  Supply Depot x2  
Tags
 
Add a new tag
Caveats
  • Supply blocks, unpowered buildings, or Contaminate may cause inaccurate times.
  • Supply counts are checked every 10 seconds.